 Dungeon Crawl Stone Soup version 0.26.0-10-g1f06aea511 (webtiles) character file.

Game seed: 15988534027258167923

89475 Dracia the Champion of Chaos (level 15, -6/115 HPs)
             Began as a Demonspawn Gladiator on Jan 23, 2021.
             Was the Champion of Makhleb.
             Mangled by a troll (11 damage)
             ... led by an orc warlord
             ... on level 1 of the Orcish Mines.
             The game lasted 01:03:53 (25810 turns).

Dracia the Champion of Chaos (DsGl)                Turns: 25810, Time: 01:03:54

Health: -6/115     AC: 24    Str: 28    XL:     15   Next: 49%
Magic:  0/28       EV: 14    Int: 10    God:    Makhleb [******]
Gold:   2290       SH:  0    Dex: 20    Spells: 17/21 levels left

rFire    + + .     SeeInvis +     - Unarmed
rCold    + . .     Faith    .   (no shield)
rNeg     . . .     Spirit   +   z - +4 gold dragon scales
rPois    +         Reflect  .   c - +2 helmet
rElec    +         Harm     .   E - +0 cloak of Fortification {+Blink Dex+4} (curse)
rCorr    .         Rampage  .   (gloves unavailable)
Will     .....                  X - +0 pair of boots of Cuttec {rF+ Str+6 Stlth-}
Stlth    ..........             e - amulet of magic regeneration
HPRegen  0.29/turn              v - ring of Oranawil {rElec Will- EV+4 Str+3 SInv}
MPRegen  0.67/turn              L - ring of flight

@: no status effects
A: claws 3, thin metallic scales 2, spiny 2, magic shield, magic regeneration
a: Renounce Religion, Evoke Blink, Evoke Flight, Minor Destruction, Lesser
Servant of Makhleb, Major Destruction, Greater Servant of Makhleb


You were on level 1 of the Orcish Mines.
You worshipped Makhleb.
Makhleb was exalted by your worship.
You visited 4 branches of the dungeon, and saw 23 of its levels.
You also visited: Sewer, Bailey and Ice Cave.

You collected 2560 gold pieces.
You spent 270 gold pieces at shops.


Innate Abilities, Weirdness & Mutations

You have claws for hands.
You are mostly covered in thin metallic scales. (AC +3)
You are mostly covered in sharp spines.
When hurt, damage is shared between your health and your magic reserves.
You regenerate magic rapidly.


   Skills:
 - Level 10.0 Fighting
 - Level 2.6 Staves
 - Level 1.7 Throwing
 - Level 1.0 Armour
 - Level 10.0 Dodging
 + Level 15.6 Unarmed Combat
 - Level 3.9 Spellcasting
 + Level 18.1 Invocations
 + Level 6.1 Evocations


You had 17 spell levels left.
You knew the following spells:

 Your Spells              Type           Power        Failure   Level
y - Sticky Flame          Conj/Fire      1%           100%        4

Your spell library contained the following spells:

 Spells                   Type           Power        Failure   Level
 Foxfire                  Conj/Fire      4%           100%        1
 Sting                    Tmut/Pois      4%           100%        1
 Poisonous Vapours        Pois/Air       2%           100%        2
 Conjure Flame            Conj/Fire      1%           100%        3
 Ignite Poison            Fire/Tmut/Pois 1%           100%        3
 Inner Flame              Hex/Fire       1%           100%        3
 Mephitic Cloud           Conj/Pois/Air  1%           100%        3
 Leda's Liquefaction      Hex/Erth       0%           100%        4
 Olgreb's Toxic Radiance  Pois           1%           100%        4
 Bolt of Magma            Conj/Fire/Erth 0%           100%        5
 Fireball                 Conj/Fire      0%           100%        5
 Irradiate                Conj/Tmut      0%           100%        5
 Summon Demon             Summ           0%           100%        5
 Summon Forest            Summ/Tloc      0%           100%        5
 Summon Mana Viper        Hex/Summ       1%           100%        5
 Hydra Form               Tmut           0%           100%        6
 Iron Shot                Conj/Erth      0%           100%        6
 Shadow Creatures         Summ           N/A          100%        6
 Statue Form              Tmut/Erth      0%           100%        6
 Dragon Form              Tmut           0%           100%        7
 Summon Hydra             Summ           0%           100%        7
 Shatter                  Erth           0%           100%        9

Inventory:

Missiles
 d - 6 throwing nets {=f=f}
Armour
 c - a +2 helmet (worn)
 z - +4 gold dragon scales (worn)
 E - the cursed +0 cloak of Fortification (worn) {+Blink Dex+4}
   (You found it in a bailey)

   It affects your dexterity (+4).
   It lets you blink.
   It has a curse placed upon it.
 X - the +0 pair of boots of Cuttec (worn) {rF+ Str+6 Stlth-}
   (You acquired it on level 2 of the Lair of Beasts)

   It affects your strength (+6).
   It protects you from fire.
   It makes you less stealthy.
Jewellery
 e - an amulet of magic regeneration (around neck)
 v - the ring of Oranawil (left claw) {rElec Will- EV+4 Str+3 SInv}
   (You acquired it on level 7 of the Dungeon)

   [ring of evasion]

   It affects your evasion (+4).
   It affects your strength (+3).
   It insulates you from electricity.
   It affects your willpower, your defense against some magical effects.
   It lets you see invisible.
 C - an uncursed ring of protection from cold
 F - an uncursed ring of protection from fire
 L - a ring of flight (right claw)
 N - an uncursed ring of positive energy
 P - an uncursed ring of poison resistance
 R - an uncursed ring of resist corrosion
 W - an uncursed ring of magical power
Wands
 r - a wand of acid (16)
 x - a wand of iceblast (13)
 B - a wand of disintegration (8)
 H - a wand of polymorph (23)
 S - a wand of random effects (43)
 T - a wand of enslavement (13)
Scrolls
 a - 4 scrolls of amnesia
 i - a scroll of blinking
 k - 2 scrolls of enchant armour
 p - 7 scrolls of teleportation {@r4@r4}
 s - a scroll of enchant weapon
 t - 3 scrolls of magic mapping
 J - 5 scrolls of remove curse {@r2@r2}
 M - 3 scrolls of fear
 Q - 8 scrolls of identify {@r1@r1}
Potions
 f - 4 potions of degeneration
 g - 4 potions of heal wounds {@q2@q2}
 h - 5 potions of curing {@q1@q1}
 j - 5 potions of flight
 l - 4 potions of brilliance
 m - a potion of magic
 n - 6 potions of invisibility
 o - a potion of haste {@q3@q3}
 q - 4 potions of ambrosia
 u - a potion of resistance
 w - 3 potions of might
 D - 6 potions of attraction
 K - 2 potions of mutation
 O - a potion of berserk rage {!q!q}
Miscellaneous
 b - a lightning rod (4/4)
 U - a phial of floods
 V - a condenser vane

Dungeon Overview and Level Annotations

Branches:
Dungeon (14/15)            Temple (1/1) D:4            Lair (6/6) D:8
  Swamp (0/4) Lair:3        Snake (0/4) Lair:4        Slime (0/5) Lair:5
    Orc (2/2) D:10            Elf (0/3) Orc:2        Vaults (0/5) D:14
  Sewer (visited)          Bailey (visited)           IceCv (visited)

Altars:
Ashenzari
Cheibriados
Dithmenos
Fedhas
Gozag
Hepliaklqana
Kikubaaqudgha
Makhleb
Nemelex Xobeh
Okawaru
Qazlal
Trog
Uskayaw
Vehumet
Wu Jian
Xom
Yredelemnul
Zin
The Shining One
Beogh
Jiyva

Shops:
D:6 ?   D:9 **=(   D:14 ?   Orc:2 (

Annotations:
Lair:4 exclusion: 2 oklob plants
Lair:5 1 runed translucent door, Serogusm's ghost, journeyman CeAM

................
.................
..................
.........o...o....
..................
.........§o.......
.......oTo§.......
......o.o@)o......
......oTO35.......
.......§)o5.########
..........5.####...#
.............##..#.#
##
...........^....#..#
###.
............#....#.##
#...
............#.###.#.#
###.
............###..#.###
#.#


You could see an orc warlord, 2 trolls, 2 orc warriors, an ogre, 2 orc wizards,
5 orcs, a friendly ynoxinul (summoned) and 3 friendly ufetubi.


Message History

Your ufetubus barely misses the orc warrior.
Your ufetubus hits the orc warrior but does no damage.
The orc warlord hits you but does no damage.
Your ynoxinul completely misses the orc warlord.
You eviscerate the orc warrior!!!
You kill the orc warrior!
Makhleb accepts your kill.
You feel better. The troll barely misses you. The troll claws you!
* * * LOW HITPOINT WARNING * * *
The troll claws you but does no damage.
Your ufetubus closely misses the orc warrior. x2
Your ufetubus hits the orc. Your ufetubus misses the orc.
Your ufetubus barely misses the orc warrior. x2
The orc warrior hits you from afar with a +0 trident!
* * * LOW HITPOINT WARNING * * *
Your ynoxinul hits the ogre. You scratch the orc wizard.
The orc wizard is moderately wounded.
The orc warlord hits you but does no damage.
Your ufetubus hits the orc. x2
The orc dies!
Makhleb accepts your kill. The orc barely misses you.
The orc warrior hits you from afar with a +0 glaive!
* * * LOW HITPOINT WARNING * * *
Your ufetubus completely misses the orc warrior.
Your ufetubus hits the orc warrior but does no damage. x2
Your ufetubus barely misses the orc warrior.
The troll is struck by your spines. The troll bites you!
You die...

Skill      XL: |  1  2  3  4  5  6  7  8  9 10 11 12 13 14 15 |
---------------+----------------------------------------------+-----
Armour         | 1 |  1.0
Dodging        | 3 6 9 10 | 10.0
Unarmed Combat | 1 4 5 6 7 8 10 11 12 13 15 | 15.6
Invocations    | 1 5 8 11 12 14 15 17 18 | 18.1
Fighting       | 6 9 10 | 10.0
Spellcasting   | 3 |  3.9
Evocations     | 3 6 |  6.1
Staves         | |  2.6
Throwing       | |  1.7

Action                   |  1- 3 |  4- 6 |  7- 9 | 10-12 | 13-15 || total
-------------------------+-------+-------+-------+-------+-------++-------
Melee: Quarterstaff      |    23 |       |       |       |       ||    23
       Unarmed           |   172 |   102 |   247 |   503 |   920 ||  1944
       Punch             |     4 |     4 |     9 |    31 |    95 ||   143
Throw: Dart              |     5 |       |       |       |       ||     5
       Throwing net      |     2 |       |     2 |     1 |       ||     5
       Javelin           |       |       |       |     5 |       ||     5
Invok: Minor Destruction |       |       |    14 |    29 |    66 ||   109
       Lesser Servant of |       |       |       |     3 |    18 ||    21
       Major Destruction |       |       |       |       |    10 ||    10
       Greater Servant o |       |       |       |       |     1 ||     1
 Abil: Evoke Flight      |       |       |       |       |     1 ||     1
       Evoke Blink       |       |       |       |       |     1 ||     1
Evoke: Wand              |       |       |       |    18 |     2 ||    20
  Use: Scroll            |     6 |     2 |    12 |    10 |    22 ||    52
       Potion            |     1 |       |     1 |     4 |     1 ||     7
 Stab: Sleeping          |     1 |       |       |       |       ||     1
       Invisible         |       |       |     2 |       |       ||     2
       Held in net/web   |       |       |       |     2 |       ||     2
       Petrified         |       |       |       |       |     8 ||     8
       Distracted        |       |       |       |       |     3 ||     3
Armor: Leather armour    |    84 |       |       |       |       ||    84
       Troll leather arm |       |    21 |       |       |       ||    21
       Ring mail         |       |     5 |    75 |   224 |   167 ||   471
       Gold dragon scale |       |       |       |       |   189 ||   189
       Plate armour      |       |       |       |       |    18 ||    18
Dodge: Dodged            |   172 |    58 |   128 |   364 |   745 ||  1467
Block: Other             |       |       |       |    52 |    84 ||   136

Levels and vault maps discovered:
D:1:      psy_arrival_whirlpool, layout_basic
D:2:      layout_basic, overflow_temple_1_default
D:3:      layout_loops_corners, cheibrodos_sewer_entry_drain,
          nicolae_dithmenos_shadow_blocks, uniq_jessica, uniq_natasha
D:4:      layout_loops_corners, minmay_temple_entry_nine_rooms,
          corexii_checkpoint_b, uniq_ijyb, uniq_duvessa
D:5:      layout_rooms
D:6:      layout_basic, serial_shops, shop, minmay_ogre_servants
D:7:      layout_cave_pools, gammafunk_ghost_split, st_stairs_12, uniq_maggie,
          uniq_menkaure
D:8:      layout_basic, lair_entry_dummy
D:9:      layout_long_grid, serial_shops, shop_coins, nicolae_shop_trees, shop,
          nicolae_shop_window_shopping, corexii_hall_statues_i,
          minmay_misc_feat_enclosed, uniq_pikel
D:10:     layout_stronghold, zombieorc1_lemuel, fedhas_altar_1
D:11:     layout_irregular_city
D:12:     hangedman_cross_cluster, layout_basic, serial_co_window_serial,
          co_window_cross_1, co_window_corner_a, co_window_corner_a,
          co_window_cross_1, co_window_corner_a, co_window_unsneaky_path_a,
          co_window_2corner, co_window_of_opportunity_c, co_window_paths_c,
          co_window_corner_cb, glass_columns_b, enter_bailey_3, uniq_nessos
D:13:     layout_rooms
D:14:     minmay_the_grid_square_5x5_4x4 [minmay_the_grid_square_5x5_hourglass,
          minmay_the_grid_square_5x5_dogpile, minmay_the_grid_square_5x5_plus,
          minmay_the_grid_square_5x5_gyroscope,
          minmay_the_grid_square_5x5_two_walls_a,
          minmay_the_grid_square_5x5_prize_open,
          minmay_the_grid_square_5x5_prize_monsterx,
          minmay_the_grid_square_5x5_broken_cross,
          minmay_the_grid_square_5x5_intrusive_squares,
          minmay_the_grid_square_5x5_prize_snowflake,
          minmay_the_grid_square_5x5_prize_rear_guard,
          minmay_the_grid_square_5x5_shrine1,
          minmay_the_grid_square_5x5_n_small, minmay_the_grid_square_5x5_meh,
          minmay_the_grid_square_5x5_hollow_slash,
          minmay_the_grid_square_5x5_seven], layout_gridville,
          lightli_vaults_fourway_checkpoint, portal_ice_cave_entry_imps,
          serial_shops, nicolae_shop_stone, uniq_josephine, uniq_snorg
Temple:   regret_index_temple_sigil_plot
Lair:1:   layout_chaotic_city, lemuel_fruit_tree, infiniplex_staircase_pool,
          uniq_harold, uniq_fannar
Lair:2:   layout_long_grid, grunt_megastairs_2
Lair:3:   layout_roguey, skrybe_swamp_entry_bodies, uniq_rupert, uniq_nergalle,
          uniq_urug
Lair:4:   layout_roguey, dummy_snake_entry, grunt_forest_stairs_clearing,
          lemuel_fruit_fields, minmay_lair_oklob_chamber, lemuel_fruit_fields
Lair:5:   layout_hall_layers, slime_altar_1, gammafunk_ghost_grave,
          chequers_serial_rivers_micro_c, patterned_corridor
Lair:6:   evilmike_catoblepas_cave, layout_long_grid, bobbens_ice_dragon_lair
Orc:1:    minmay_goldmine, layout_caves, basic_altar
Orc:2:    grunt_orc_community_town_hall, layout_caves,
          grunt_orc_community_big_house_2, grunt_orc_community_big_house_2,
          grunt_orc_community_house_3, grunt_orc_community_house_3,
          grunt_orc_community_house_1, grunt_orc_community_house_3,
          serial_shops, nicolae_shop_stone, mines4_lemuel, uniq_azrael

Notes
Turn   | Place    | Note
-------+----------+-------------------------------------------
     0 | D:1      | Dracia the Demonspawn Gladiator began the quest for the
                  | Orb.
     0 | D:1      | Reached XP level 1. HP: 16/16 MP: 1/1
   306 | D:1      | Reached skill level 1 in Armour
   306 | D:1      | Reached skill level 3 in Dodging
   306 | D:1      | Gained mutation: You have sharp fingernails. [demonic
                  | ancestry]
   306 | D:1      | Reached XP level 2. HP: 17/22 MP: 2/2
  1039 | D:2      | Found a shimmering altar of Xom.
  1060 | D:1      | Reached skill level 1 in Unarmed Combat
  1189 | D:2      | Gained mutation: You are partially covered in thin metallic
                  | scales. (AC +2) [demonic ancestry]
  1189 | D:2      | Reached XP level 3. HP: 27/27 MP: 3/3
  1482 | D:2      | Reached skill level 2 in Unarmed Combat
  1884 | D:3      | Found a glowing drain.
  1901 | Sewer    | Entered a sewer
  2003 | Sewer    | Noticed Purgy
  2043 | Sewer    | Killed Purgy
  2044 | Sewer    | Reached skill level 4 in Unarmed Combat
  2044 | Sewer    | Gained mutation: You are partially covered in sharp spines.
                  | [demonic ancestry]
  2044 | Sewer    | Reached XP level 4. HP: 18/33 MP: 4/4
  2044 | Sewer    | Gained mutation: You have very sharp fingernails. [demonic
                  | ancestry]
  2044 | Sewer    | Reached XP level 5. HP: 21/38 MP: 5/5
  2275 | D:3      | Noticed Jessica
  2281 | D:3      | Killed Jessica
  2640 | D:3      | Reached skill level 5 in Unarmed Combat
  2640 | D:3      | Reached XP level 6. HP: 44/44 MP: 6/6
  2726 | D:3      | Found a shadowy altar of Dithmenos.
  2844 | D:3      | Noticed Natasha
  2850 | D:3      | Killed Natasha
  2959 | D:3      | Noticed Natasha
  2965 | D:3      | Killed Natasha
  3107 | D:3      | Noticed Natasha
  3112 | D:3      | Killed Natasha
  3409 | D:4      | Noticed Ijyb
  3418 | D:4      | Killed Ijyb
  3502 | D:4      | Found a staircase to the Ecumenical Temple.
  3654 | D:4      | Reached skill level 6 in Unarmed Combat
  3694 | Temple   | Entered the Ecumenical Temple
  3756 | Temple   | Became a worshipper of Makhleb the Destroyer
  3849 | D:4      | You fall into a shaft and drop 2 floors!
  3891 | D:6      | Reached skill level 1 in Invocations
  3900 | D:6      | Reached XP level 7. HP: 50/50 MP: 6/8
  4055 | D:6      | Reached skill level 2 in Invocations
  4110 | D:5      | Entered Level 5 of the Dungeon
  4138 | D:5      | Reached skill level 3 in Invocations
  4162 | D:5      | Reached skill level 4 in Invocations
  4494 | D:4      | Noticed Duvessa
  4494 | D:4      | Noticed Dowan
  4505 | D:4      | Killed Duvessa
  4506 | D:4      | Reached skill level 7 in Unarmed Combat
  4506 | D:4      | Reached skill level 5 in Invocations
  4508 | D:4      | Reached XP level 8. HP: 40/56 MP: 11/11
  4512 | D:4      | Killed Dowan
  4512 | D:4      | Reached * piety under Makhleb
  4926 | D:5      | Reached skill level 6 in Invocations
  5024 | D:5      | You fall into a shaft and drop 3 floors!
  5138 | D:8      | Noticed a two-headed ogre
  5153 | D:8      | Killed a two-headed ogre
  5154 | D:8      | Reached skill level 8 in Unarmed Combat
  5154 | D:8      | Reached skill level 8 in Invocations
  5154 | D:8      | Gained mutation: You have claws for hands. [demonic
                  | ancestry]
  5154 | D:8      | Reached XP level 9. HP: 44/61 MP: 13/15
  5418 | D:7      | Noticed Menkaure
  5425 | D:7      | Killed Menkaure
  5426 | D:7      | Reached skill level 9 in Invocations
  5442 | D:7      | Reached skill level 9 in Unarmed Combat
  6213 | D:6      | Found Ukhlanaol's Magic Scroll Emporium.
  6221 | D:6      | Bought 3 scrolls of magic mapping for 105 gold pieces
  6606 | D:6      | Reached skill level 10 in Invocations
  6741 | D:7      | Reached ** piety under Makhleb
  6866 | D:7      | Found a runed translucent gate.
  6867 | D:7      | Found a runed translucent gate.
  6867 | D:7      | Found a runed translucent gate.
  6868 | D:7      | Noticed Dirian's ghost (novice MiFi)
  6907 | D:7      | Noticed Maggie
  6924 | D:7      | Killed Maggie
  6925 | D:7      | Reached skill level 10 in Unarmed Combat
  6925 | D:7      | Reached skill level 11 in Invocations
  7880 | D:8      | Found a staircase to the Lair.
  8029 | D:9      | Found Pelah's Jewellery Shop.
  8041 | D:9      | Gained mutation: You are mostly covered in thin metallic
                  | scales. (AC +3) [demonic ancestry]
  8041 | D:9      | Reached XP level 10. HP: 63/68 MP: 18/18
  8081 | D:9      | Found Guuf's Weapon Boutique.
  8196 | D:9      | Noticed Pikel
  8568 | D:8      | Reached skill level 3 in Fighting
  8572 | D:8      | Killed Pikel
  8694 | D:8      | Reached skill level 4 in Fighting
  8694 | D:8      | Reached skill level 12 in Invocations
  9032 | D:9      | Found Umeth's Assorted Antiques.
  9658 | D:9      | Reached skill level 5 in Fighting
  9863 | D:9      | Found Jonaom's Assorted Antiques.
  9913 | D:9      | Bought a bound iron amulet for 165 gold pieces
  9918 | D:9      | Identified the amulet "Fefe" {Inacc Dex+4} (You bought it
                  | in a shop on level 9 of the Dungeon)
  9950 | D:10     | Entered Level 10 of the Dungeon
 10275 | D:9      | Reached *** piety under Makhleb
 10623 | D:9      | Reached skill level 11 in Unarmed Combat
 10625 | D:9      | Reached skill level 6 in Fighting
 10805 | D:10     | Gained mutation: When hurt, damage is shared between your
                  | health and your magic reserves. [demonic ancestry]
 10805 | D:10     | Reached XP level 11. HP: 81/81 MP: 20/20
 10811 | D:10     | Found a blossoming altar of Fedhas.
 10846 | D:10     | Found a staircase to the Orcish Mines.
 10929 | D:10     | Reached **** piety under Makhleb
 11054 | D:10     | Killed an unseen horror
 11273 | D:10     | Reached skill level 7 in Fighting
 11501 | D:10     | Reached skill level 13 in Invocations
 12512 | Lair:1   | Entered Level 1 of the Lair of Beasts
 12547 | Lair:1   | Reached skill level 8 in Fighting
 12633 | Lair:1   | Noticed an eight-headed hydra
 12670 | Lair:1   | Killed an eight-headed hydra
 12709 | Lair:1   | Noticed Harold
 12734 | Lair:1   | Killed Harold
 12839 | Lair:1   | Noticed Fannar
 12855 | Lair:1   | Killed Fannar
 12856 | Lair:1   | Reached skill level 14 in Invocations
 13183 | Lair:1   | Reached skill level 12 in Unarmed Combat
 13434 | Lair:2   | Noticed a four-headed hydra
 13434 | Lair:2   | Noticed a five-headed hydra
 13446 | Lair:1   | Killed a six-headed hydra
 13447 | Lair:1   | Reached skill level 9 in Fighting
 13447 | Lair:1   | Reached XP level 12. HP: 28/95 MP: 8/22
 13728 | Lair:1   | Killed a seven-headed hydra
 14105 | Lair:2   | You fall into a shaft and drop 2 floors!
 14120 | Lair:4   | Reached ***** piety under Makhleb
 14312 | Lair:3   | Reached skill level 15 in Invocations
 14477 | Lair:3   | Noticed a four-headed hydra
 14485 | Lair:3   | Killed a four-headed hydra
 14486 | Lair:3   | Reached skill level 10 in Fighting
 14495 | Lair:3   | Found a staircase to the Swamp.
 14549 | Lair:3   | Noticed Nergalle
 15120 | Lair:2   | Reached skill level 4 in Dodging
 15608 | Lair:2   | Identified a scroll of acquirement
 15608 | Lair:2   | Acquired the +0 pair of boots of Cuttec {rF+ Str+6 Stlth-}
 15718 | Lair:3   | Noticed Rupert
 15755 | Lair:3   | Killed Rupert
 15756 | Lair:3   | Reached skill level 5 in Dodging
 15756 | Lair:3   | Reached skill level 13 in Unarmed Combat
 16052 | Lair:3   | Noticed an eight-headed hydra
 16063 | Lair:3   | Reached skill level 6 in Dodging
 16074 | Lair:2   | Gained mutation: You regenerate magic rapidly. [demonic
                  | ancestry]
 16074 | Lair:2   | Reached XP level 13. HP: 64/103 MP: 14/24
 17194 | Lair:3   | Reached skill level 7 in Dodging
 17207 | Lair:3   | Killed Nergalle
 17222 | Lair:3   | Noticed Urug
 17239 | Lair:3   | Killed Urug
 17517 | Lair:3   | You fall into a shaft and drop 3 floors!
 17517 | Lair:6   | Entered Level 6 of the Lair of Beasts
 17529 | Lair:5   | Reached skill level 1 in Spellcasting
 18425 | Lair:4   | Reached skill level 2 in Spellcasting
 18431 | Lair:4   | Reached skill level 8 in Dodging
 18892 | Lair:4   | Reached skill level 3 in Spellcasting
 18963 | Lair:4   | Learned a level 4 spell: Sticky Flame
 18990 | Lair:4   | Found a staircase to the Snake Pit.
 19541 | Lair:5   | Reached skill level 9 in Dodging
 19583 | Lair:5   | Found a staircase to the Slime Pits.
 19584 | Lair:5   | Found a viscous altar of Jiyva.
 19618 | Lair:5   | Found a runed translucent door.
 19879 | Lair:5   | Noticed Serogusm's ghost (journeyman CeAM)
 20305 | Lair:6   | Reached XP level 14. HP: 70/110 MP: 22/25
 20514 | Lair:6   | Reached skill level 10 in Dodging
 20572 | Lair:6   | Reached skill level 14 in Unarmed Combat
 20932 | Lair:6   | Reached skill level 16 in Invocations
 21712 | D:7      | Killed Dirian's ghost
 21726 | D:7      | Acquired the ring of Oranawil {rElec Will- EV+4 Str+3 SInv}
 21932 | D:12     | Found a flagged portal.
 21943 | Bailey   | Entered a bailey
 22136 | Bailey   | Reached ****** piety under Makhleb
 22187 | Bailey   | Got a steaming cloak
 22198 | Bailey   | Identified the cursed +0 cloak of Fortification {+Blink
                  | Dex+4} (You found it in a bailey)
 22377 | D:12     | Reached skill level 1 in Evocations
 22392 | D:12     | Identified the +3 robe "Hoida" {rElec rPois Will+}
 22421 | D:12     | Found a radiant altar of Vehumet.
 22433 | D:12     | Reached skill level 2 in Evocations
 22449 | D:12     | Reached skill level 17 in Invocations
 22501 | D:12     | Reached skill level 15 in Unarmed Combat
 22513 | D:12     | Noticed Nessos
 22524 | D:12     | Killed Nessos
 22525 | D:12     | Reached skill level 3 in Evocations
 22650 | D:12     | Identified a potion of resistance
 23166 | D:12     | Gained mutation: You are mostly covered in sharp spines.
                  | [demonic ancestry]
 23166 | D:12     | Reached XP level 15. HP: 105/115 MP: 24/27
 23689 | D:13     | Reached skill level 4 in Evocations
 24176 | D:14     | Found a frozen archway.
 24212 | IceCv    | Entered an ice cave
 24272 | IceCv    | Reached skill level 5 in Evocations
 24321 | IceCv    | Got a smoking plate armour
 24331 | IceCv    | Identified the +1 plate armour of the Albatross {Dex+7}
                  | (You found it in an ice cave)
 24423 | D:14     | Found Ytaih's Magic Scroll Emporium.
 24529 | D:14     | Noticed Snorg
 24537 | D:14     | Killed Snorg
 24603 | D:14     | Found a gate to the Vaults.
 24827 | Orc:1    | Entered Level 1 of the Orcish Mines
 25024 | Orc:2    | Entered Level 2 of the Orcish Mines
 25024 | Orc:2    | Found Iggarimi's Antique Weapon Boutique.
 25025 | Orc:2    | Noticed an orc warlord
 25042 | Orc:1    | Killed an orc warlord
 25046 | Orc:1    | Reached skill level 18 in Invocations
 25284 | Orc:2    | Paralysed by an orc sorcerer for 3 turns
 25293 | Orc:2    | Reached skill level 6 in Evocations
 25316 | Orc:2    | Found a staircase to the Elven Halls.
 25393 | Orc:2    | Found a roughly hewn altar of Beogh.
 25426 | Orc:2    | Noticed an orc warlord
 25781 | Orc:1    | Noticed an orc warlord
 25795 | Orc:1    | Paralysed by an orc sorcerer for 2 turns
 25806 | Orc:1    | HP: 10/115 [orc warlord/+0 long sword (12)]
 25810 | Orc:1    | Mangled by a troll

Vanquished Creatures
  Rupert (Lair:3)
  An orc warlord (Orc:1)
  Nessos (D:12)
  Snorg (D:14)
  Fannar (Lair:1)
  Harold (Lair:1)
  An ice dragon (Lair:6)
  4 catoblepae
  8 hydras
  A boulder beetle (D:13)
  A tengu warrior (D:13)
  3 two-headed ogres
  Urug (Lair:3)
  7 death yaks
  Nergalle (Lair:3)
  The ghost of Dirian the Carver, a novice MiFi of Zin (D:7)
  4 skeletal warriors (D:12)
  3 unseen horrors
  A bog body (Lair:3)
  Pikel (D:8)
  3 orc knights
  2 deep elf magi (D:13)
  4 manticores
  6 ugly things
  5 cyclopes
  4 orc sorcerers
  A centaur zombie (D:11)
  4 black mambas
  A gargoyle (D:12)
  3 ice statues (IceCv)
  A torpor snail (Lair:5)
  14 cane toads
  4 rime drakes
  Maggie (D:7)
  An efreet (D:13)
  9 komodo dragons
  5 trolls
  A polar bear (Lair:4)
  A slime creature (D:12)
  21 dream sheep
  25 blink frogs
  A centaur simulacrum (D:12)
  3 wraiths
  2 shadows
  A spriggan (Lair:4)
  A vampire (D:12)
  4 wyverns
  A basilisk (Lair:5)
  87 yaks
  2 steam dragons
  A vampire mosquito (D:14)
  Menkaure (D:7)
  3 wargs
  An acid dragon (D:12)
  A soldier ant (D:12)
  Duvessa (D:4)
  8 water moccasins
  20 orc warriors
  Purgy (Sewer)
  7 black bears
  A hornet zombie (D:7)
  4 phantoms
  2 eyes of draining
  12 ice beasts
  5 sky beasts
  7 ogres
  6 centaurs
  6 wolves
  4 lemures
  2 big kobolds
  11 bullfrogs
  A wyvern zombie (D:10)
  A gnoll sergeant (D:9)
  Dowan (D:4)
  6 scorpions
  3 troll zombies (D:10)
  12 killer bees
  21 wights
  2 howler monkeys
  4 bullfrog zombies
  6 jellies
  6 hounds
  4 centaur skeletons
  8 orc priests
  2 bullfrog skeletons
  14 orc wizards
  Jessica (D:3)
  12 worker ants
  Natasha (thrice) (D:3)
  7 iguanas
  Ijyb (D:4)
  A killer bee zombie (D:7)
  3 ogre zombies (D:10)
  2 hound skeletons
  A worker ant zombie (D:11)
  10 gnolls
  10 adders
  18 white imps
  5 ufetubi
  An ooze (D:2)
  An adder skeleton (D:4)
  A worm (D:2)
  A dart slug (D:4)
  7 leopard geckos
  69 orcs
  2 ball pythons (D:3)
  12 bats
  4 giant cockroaches
  7 hobgoblins
  8 jackals
  4 quokkas
  4 frilled lizards
  17 goblins
  A goblin skeleton (D:10)
  A hobgoblin skeleton (D:10)
  2 hobgoblin zombies (D:10)
  A jackal zombie (D:8)
  18 kobolds
  A leopard gecko skeleton (D:5)
  3 orc skeletons (D:10)
  12 orc zombies (D:10)
  A quokka skeleton (D:4)
  7 rats
715 creatures vanquished.

Vanquished Creatures (collateral kills)
  A boulder beetle (Lair:5)
  4 hydras
  A blink frog (Lair:2)
  3 yaks (Lair:6)
  An orc (Orc:1)
10 creatures vanquished.

Vanquished Creatures (others)
  An adder (D:12)
  A bush (Lair:3)
  43 fungi
  44 plants
89 creatures vanquished.

Grand Total: 814 creatures vanquished

Table legend: (Time is in decaauts)
 A = Elapsed time spent in this place.
 B = Non-inter-level travel time spent in this place.
 C = Inter-level travel time spent in this place.
 D = Time resting spent in this place.
 E = Time spent auto-exploring this place.
 F = Levels seen in this place.
 G = Mean time per level.
                   A        B        C        D        E       F      G
               +--------+--------+--------+--------+--------+-----+--------+
         Total |  25480 |  24167 |   1313 |   4500 |  15340 |  26 |  980.0 |
       Dungeon |  14611 |  13677 |    934 |   1804 |   9621 |  14 | 1043.6 |
        Temple |     77 |      1 |     76 |      0 |      0 |   1 |   77.0 |
          Lair |   8998 |   8708 |    290 |   2348 |   5016 |   6 | 1499.7 |
  Orcish Mines |    950 |    938 |     12 |    222 |    474 |   2 |  475.0 |
         Sewer |    354 |    354 |      0 |    126 |    104 |   1 |  354.0 |
        Bailey |    343 |    343 |      0 |      0 |    114 |   1 |  343.0 |
      Ice Cave |    144 |    144 |      0 |      0 |     10 |   1 |  144.0 |
               +--------+--------+--------+--------+--------+-----+--------+

Top non-repeatable levels by time:
  Lair:3: 2158 daAuts
     D:8: 2143 daAuts
  Lair:2: 1872 daAuts
     D:9: 1594 daAuts
    D:12: 1496 daAuts
  Lair:1: 1453 daAuts
  Lair:6: 1299 daAuts
  Lair:4: 1277 daAuts
    D:10: 1244 daAuts
     D:4: 1231 daAuts
     D:6: 1102 daAuts
     D:1: 1084 daAuts
  Lair:5: 937 daAuts
     D:3: 935 daAuts
     D:7: 859 daAuts

Table legend:
 A = Non-vault XP
 B = Vault XP
 C = Vault XP percentage of total XP
 D = Non-vault monster count
 E = Vault monster count
 F = Vault count percentage of total count
                 A         B        C        D         E       F
            +---------+---------+-------+---------+---------+-------
      Total |   89100 |   38724 |  30.3 |     515 |     207 |  28.7
            +---------+---------+-------+---------+---------+-------
        D:1 |      27 |       0 |   0.0 |      16 |       0 |   0.0
        D:2 |      56 |       0 |   0.0 |      15 |       0 |   0.0
        D:3 |     201 |      77 |  27.7 |      27 |       5 |  15.6
        D:4 |     173 |     261 |  60.1 |      13 |       5 |  27.8
        D:5 |     565 |       0 |   0.0 |      13 |       0 |   0.0
        D:6 |     793 |     126 |  13.7 |      20 |       9 |  31.0
        D:7 |    1015 |    1570 |  60.7 |      17 |       7 |  29.2
        D:8 |    2468 |     651 |  20.9 |      18 |       1 |   5.3
        D:9 |    3182 |       0 |   0.0 |      45 |       0 |   0.0
       D:10 |    2478 |     784 |  24.0 |      22 |      29 |  56.9
       D:11 |    1542 |       0 |   0.0 |      25 |       0 |   0.0
       D:12 |    9082 |    7867 |  46.4 |      36 |      28 |  43.8
       D:13 |    7500 |       0 |   0.0 |      26 |       0 |   0.0
       D:14 |    1420 |    2874 |  66.9 |       9 |      23 |  71.9
     Lair:1 |    6576 |    2404 |  26.8 |      17 |       3 |  15.0
     Lair:2 |    5267 |       0 |   0.0 |      15 |       0 |   0.0
     Lair:3 |    7049 |    4749 |  40.3 |      27 |       4 |  12.9
     Lair:4 |   11508 |    1304 |  10.2 |      37 |       7 |  15.9
     Lair:5 |    8124 |       0 |   0.0 |      27 |       0 |   0.0
     Lair:6 |   12298 |   10814 |  46.8 |      42 |      27 |  39.1
      Orc:1 |    4911 |     445 |   8.3 |      29 |      11 |  27.5
      Orc:2 |    2865 |     339 |  10.6 |      19 |      13 |  40.6
      Sewer |       0 |     136 | 100.0 |       0 |       6 | 100.0
     Bailey |       0 |    1404 | 100.0 |       0 |      18 | 100.0
      IceCv |       0 |    2919 | 100.0 |       0 |      11 | 100.0
            +---------+---------+-------+---------+---------+-------
